 Dungeon Crawl Stone Soup version 0.28-a0-769-g550dbda0cd (webtiles) character file.

Game seed: 10743504028217543971

18383 pokeman the Eclecticist (level 12, -8/70 HPs)
             Began as a Deep Elf Hedge Wizard on Oct 31, 2021.
             Was an Elder of Vehumet.
             Mangled by an eight-headed hydra (11 damage)
             ... on level 12 of the Dungeon.
             The game lasted 00:56:40 (16857 turns).

pokeman the Eclecticist (Deep Elf Hedge Wizard)    Turns: 16857, Time: 00:56:41

Health: -8/70      AC: 12    Str:  7    XL:     12   Next: 27%
Magic:  33/35      EV: 11    Int: 33    God:    Vehumet [****..]
Gold:   334        SH:  0    Dex: 14    Spells: 34/45 levels left

rFire   + + .      SeeInvis .   X - +7 hand axe of the Eternal Warrior {holy, *Rage rC- rN+ Int+8}
rCold   x . .      Faith    .   (no shield)
rNeg    + . .      Spirit   .   v - +0 acid dragon scales
rPois   .          Reflect  .   A - +0 helmet
rElec   .          Harm     .   N - +1 cloak {rCorr}
rCorr   +          Rampage  .   m - +0 pair of gloves
Will    +....      Rage     20% i - +0 pair of boots
Stlth   ++........              x - amulet of regeneration
HPRegen 1.21/turn               V - ring of protection from fire
MPRegen 0.24/turn               t - ring of protection from fire

@: on berserk cooldown, on blink cooldown
A: no striking features
a: Renounce Religion


You were on level 12 of the Dungeon.
You worshipped Vehumet.
Vehumet was greatly pleased with you.
You visited 2 branches of the dungeon, and saw 13 of its levels.
You also visited: Ossuary.

You collected 675 gold pieces.
You spent 341 gold pieces at shops.

Inventory:

Hand Weapons
 c - a +0 shortbow
 X - the +7 hand axe of the Eternal Warrior (weapon) {holy, *Rage rC- rN+ Int+8}
   (You found it on level 10 of the Dungeon)

   It has been blessed by the Shining One to cause great damage to the undead
   and demons.
   Int:       It affects your intelligence (+8).
   rC:        It makes you vulnerable to cold.
   rN:        It protects you from negative energy.
   *Rage:     It berserks you when you make melee attacks (+20% chance).
Missiles
 q - 167 arrows
 K - 4 curare-tipped darts
Armour
 a - the +4 ring mail of Leubuman {rPois rC- Str-3 SInv}
   (You found it on level 11 of the Dungeon)

   Str:       It affects your strength (-3).
   rC:        It makes you vulnerable to cold.
   rPois:     It protects you from poison.
   SInv:      It lets you see invisible.
 i - a +0 pair of boots (worn)
 m - a +0 pair of gloves (worn)
 v - +0 acid dragon scales (worn)
 A - a +0 helmet (worn)
 N - a +1 cloak of preservation (worn)
Jewellery
 d - a ring of fire
 f - a ring of protection from cold
 t - a ring of protection from fire (right hand)
 x - an amulet of regeneration (around neck)
 V - a ring of protection from fire (left hand)
Wands
 z - a wand of acid (15)
Scrolls
 g - a scroll of magic mapping
 j - a scroll of enchant armour
 s - 3 scrolls of teleportation
 U - a scroll of blinking
 W - a scroll of summoning {unknown}
Potions
 b - a potion of magic
 e - a potion of berserk rage {unknown}
 h - 5 potions of curing
 w - 3 potions of might {unknown}
 B - 2 potions of resistance {unknown}
 D - 3 potions of flight {unknown}
 H - 2 potions of invisibility {unknown}
 I - 2 potions of heal wounds {unknown}
 L - a potion of cancellation {unknown}
 O - 2 potions of haste {unknown}
 P - 2 potions of ambrosia {unknown}
 R - a potion of attraction {unknown}
 T - a potion of mutation {unknown}


   Skills:
 - Level 6.0 Fighting
 + Level 3.9 Armour
 - Level 3.2 Dodging
 - Level 3.3 Stealth
 * Level 17.0 Spellcasting
 + Level 10.1 Conjurations
 - Level 1.1 Summonings
 - Level 1.1 Translocations
 + Level 9.6 Fire Magic
 - Level 1.4 Air Magic
 - Level 1.0 Poison Magic
 - Level 1.0 Evocations


You had 34 spell levels left.
You knew the following spells:

 Your Spells              Type           Power      Damage    Failure   Level
a - Magic Dart            Conj           100%       1d8       1%          1
b - Mephitic Cloud        Conj/Pois/Air  54%        N/A       1%          3
c - Call Imp              Summ           35%        N/A       2%          2
d - Blink                 Tloc           70%        N/A       2%          2
e - Conjure Flame         Conj/Fire      75%        6-21      1%          3

Your spell library contained the following spells:

 Spells                   Type           Power      Damage    Failure   Level
 Irradiate                Conj/Tmut      28%        3d23      2%          5
 Sting                    Tmut/Pois      100%       1d8       1%          1
 Poisonous Vapours        Pois/Air       72%        N/A       1%          2
 Searing Ray              Conj           100%       2d8       1%          2
 Ignite Poison            Fire/Tmut/Pois 51%        N/A       1%          3
 Fulminant Prism          Conj/Hex       28%        3d14      1%          4
 Sticky Flame             Conj/Fire      75%        2d9       1%          4
 Animate Skeleton         Necr           56%        N/A       2%          1
 Beastly Appendage        Tmut           56%        N/A       2%          1
 Slow                     Hex            100%       N/A       2%          1
 Wereblood                Tmut           28%        N/A       3%          2
 Portal Projectile        Hex/Tloc       62%        N/A       6%          3
 Spider Form              Tmut/Pois      15%        N/A       6%          3
 Blade Hands              Tmut           14%        N/A       56%         5
 Excruciating Wounds      Necr           14%        N/A       56%         5
 Death's Door             Necr           14%        N/A       100%        9


Dungeon Overview and Level Annotations

Branches:
Dungeon (12/15)            Temple (1/1) D:5            Lair (0/6) D:10
Ossuary (visited)
    Orc: D:9-12

Altars:
Ashenzari
Cheibriados
Dithmenos
Fedhas
Gozag
Kikubaaqudgha
Makhleb
Nemelex Xobeh
Okawaru
Qazlal
Ru
Sif Muna
Uskayaw
Vehumet
Wu Jian
Xom
Yredelemnul
Zin
The Shining One

Shops:
D:1 *=((   D:4 [   D:6 (   D:7 *

Annotations:
D:4 2 transporters, bande's ghost, amateur GrFi


Message History

The eight-headed hydra bites your crimson imp!!
Your crimson imp dies!
Your crimson imp disappears in a puff of smoke!
The eight-headed hydra is engulfed in blazing flames.
The eight-headed hydra bites you. x3; The eight-headed hydra misses you.
The eight-headed hydra bites you!
The eight-headed hydra bites you but does no damage.
The eight-headed hydra closely misses you.
The eight-headed hydra bites you!
The eight-headed hydra barely misses you.
The eight-headed hydra bites you. The eight-headed hydra bites you!
The eight-headed hydra bites you. The eight-headed hydra bites you!
The eight-headed hydra bites you but does no damage.
The eight-headed hydra bites you!
* * * LOW HITPOINT WARNING * * *
The eight-headed hydra barely misses you.
Casting: Call Imp (safe; 2% risk of failure)
Confirm with . or Enter, or press ? or * to list all spells.
You blink.
You feel stable enough to blink again.
Casting: Blink (safe; 2% risk of failure)
Confirm with . or Enter, or press ? or * to list all spells.
You blink.
The eight-headed hydra barely misses you.
The eight-headed hydra bites you but does no damage.
The eight-headed hydra completely misses you.
The eight-headed hydra bites you!
The eight-headed hydra barely misses you.
The eight-headed hydra misses you. The eight-headed hydra bites you!
* * * LOW HITPOINT WARNING * * *
The eight-headed hydra bites you but does no damage.
Unknown command.
You feel yourself speed up.
The eight-headed hydra barely misses you. x2
The eight-headed hydra bites you.
* * * LOW HITPOINT WARNING * * *
The eight-headed hydra bites you!
* * * LOW HITPOINT WARNING * * *
The eight-headed hydra bites you!
You die...

#.# #.#### ####
#.##.. ..# #.##.#
#.# ##.##.#####.###
.#####...#.##D@....#
..........<...##.#.#
####...#.#####.#.###
Y ##.##.###.......#
##Y #.##.##......#D#
.. #.##.......#.#.#
.. ##'#####..###.#.#
.# ##...##
#..##..#.# =#
##.....###..##..#.#
###.#.


You could see an eight-headed hydra.

Vanquished Creatures
  A boulder beetle (D:11)
  A hydra (D:8)
  3 two-headed ogres
  Erica (D:11)
  A centaur warrior (D:8)
  3 death yaks (D:10)
  Urug (D:10)
  Pikel (D:6)
  2 ugly things (D:8)
  3 centaur zombies
  Maggie (D:6)
  A kobold demonologist (D:11)
  2 trolls
  Grinder (D:3)
  A hornet (D:8)
  A slime creature (D:8)
  6 yaks
  2 shadows
  A wraith (D:8)
  A wyvern (D:8)
  Sigmund (D:5)
  Eustachio (D:6)
  A steam dragon (D:8)
  Grum (D:9)
  Edmund (D:5)
  4 wargs (D:10)
  An acid dragon (D:8)
  2 water moccasins
  An ice beast (D:7)
  A black bear (D:6)
  2 necrophages
  6 orc warriors
  4 sky beasts
  2 ogres (D:5)
  3 wolves
  6 centaurs
  An elf zombie (Ossuary)
  Blork the orc (D:5)
  5 bullfrogs
  2 kobold brigands
  A wyvern zombie (D:6)
  A scorpion (D:6)
  9 killer bees
  11 wights
  An electric eel (D:10)
  A howler monkey (D:6)
  A bullfrog zombie (D:5)
  2 gnoll shamans (D:7)
  11 orc priests
  2 hounds
  2 bullfrog skeletons
  A centaur skeleton (D:5)
  A jelly (D:7)
  Natasha (thrice) (D:4)
  3 iguanas
  9 orc wizards
  A hell rat (D:10)
  2 killer bee zombies
  A hound skeleton (D:5)
  4 mummies (Ossuary)
  8 gnolls
  A howler monkey skeleton (D:5)
  5 adders
  2 ufetubi
  An adder skeleton (D:5)
  2 adder zombies (Ossuary)
  5 worms
  26 orcs
  11 endoplasms
  2 giant cockroaches
  A gnoll zombie (Ossuary)
  6 goblins
  6 hobgoblins
  2 jackals (D:3)
  6 quokkas
  9 ball pythons
  7 bats
  4 frilled lizards
  A hobgoblin zombie (Ossuary)
  A jackal zombie (Ossuary)
  15 kobolds
  2 kobold zombies (Ossuary)
  An orc zombie (Ossuary)
  5 rats
  2 rat zombies (Ossuary)
278 creatures vanquished.

Vanquished Creatures (collateral kills)
  A centaur zombie (D:11)
  A sky beast (D:6)
  An orc wizard (D:8)
  A worm (D:3)
  An orc (D:3)
  An endoplasm (D:3)
  A giant cockroach (D:3)
  A bat (D:3)
  A goblin zombie (Ossuary)
9 creatures vanquished.

Vanquished Creatures (others)
  A yak (D:8)
  A fungus (D:3)
  18 plants
20 creatures vanquished.

Grand Total: 307 creatures vanquished

Notes
Turn   | Place    | Note
-------+----------+-------------------------------------------
     0 | D:1      | pokeman the Deep Elf Hedge Wizard began the quest for the
                  | Orb.
     0 | D:1      | Reached XP level 1. HP: 10/10 MP: 7/7
    64 | D:1      | Found Wuocu's Antique Weapon Shoppe.
    65 | D:1      | Found Utyinaxt's Antique Weapon Boutique.
   277 | D:1      | Reached XP level 2. HP: 15/15 MP: 0/9
  1259 | D:1      | Found Pitom's Jewellery Emporium.
  1393 | D:1      | Reached skill level 5 in Spellcasting
  1531 | D:1      | Found Omireah's General Store.
  1619 | D:1      | Reached XP level 3. HP: 20/20 MP: 8/11
  1625 | D:1      | Learned a level 3 spell: Mephitic Cloud
  1628 | D:1      | Learned a level 2 spell: Call Imp
  1631 | D:1      | Learned a level 2 spell: Blink
  1701 | D:1      | Learned a level 3 spell: Conjure Flame
  1872 | D:2      | You fall into a shaft and drop 1 floor!
  1872 | D:3      | Noticed a necrophage
  2480 | D:2      | Reached skill level 1 in Armour
  2591 | D:2      | Reached skill level 1 in Fighting
  3392 | D:3      | Reached XP level 4. HP: 25/25 MP: 11/13
  3460 | D:3      | Noticed Grinder
  3469 | D:3      | Paralysed by Grinder for 2 turns
  3947 | D:3      | Found a faded altar of an unknown god.
  3950 | D:3      | Got Plato's Collected Works on Shape Shifting
  3982 | D:3      | Killed a necrophage
  3983 | D:3      | Reached skill level 6 in Spellcasting
  3983 | D:3      | Reached skill level 1 in Fire Magic
  3983 | D:3      | Reached XP level 5. HP: 29/29 MP: 0/15
  4259 | D:3      | Paralysed by Grinder for 3 turns
  4268 | D:3      | Paralysed by Grinder for 4 turns
  4275 | D:3      | Killed Grinder
  4276 | D:3      | Reached skill level 7 in Spellcasting
  4276 | D:3      | Reached skill level 1 in Air Magic
  4276 | D:3      | Reached XP level 6. HP: 8/34 MP: 2/18
  4948 | D:4      | Noticed Natasha
  4955 | D:4      | Killed Natasha
  5086 | D:4      | Noticed Natasha
  5095 | D:4      | Killed Natasha
  5096 | D:4      | Reached skill level 1 in Poison Magic
  5099 | D:4      | Reached skill level 1 in Evocations
  5099 | D:4      | Reached XP level 7. HP: 25/38 MP: 2/20
  5105 | D:4      | Noticed Natasha
  5235 | D:4      | Found a blossoming altar of Fedhas.
  5374 | D:4      | Found Zaipeo's Armour Shop.
  5410 | D:4      | Found a transporter.
  5445 | D:4      | Noticed bande's ghost (amateur GrFi)
  5453 | D:4      | Killed Natasha
  5603 | D:4      | Found a transporter.
  6029 | D:1      | Bought a potion of curing for 33 gold pieces
  6029 | D:1      | Bought a scroll of identify for 22 gold pieces
  6029 | D:1      | Bought a potion of degeneration for 11 gold pieces
  6146 | D:5      | Entered Level 5 of the Dungeon
  6208 | D:5      | Found a staircase to the Ecumenical Temple.
  6215 | Temple   | Entered the Ecumenical Temple
  6252 | Temple   | Became a worshipper of Vehumet
  6439 | D:5      | Noticed Edmund
  6449 | D:5      | Killed Edmund
  6450 | D:5      | Reached skill level 8 in Spellcasting
  6634 | D:5      | Noticed Sigmund
  6661 | D:5      | Killed Sigmund
  6662 | D:5      | Reached skill level 9 in Spellcasting
  6662 | D:5      | Reached XP level 8. HP: 44/44 MP: 18/23
  6880 | D:5      | Found an ornate altar of the Wu Jian Council.
  6880 | D:5      | Found a sparkling altar of Nemelex Xobeh.
  6887 | D:5      | Found a hide-covered altar of Uskayaw.
  6889 | D:5      | Found an ancient bone altar of Kikubaaqudgha.
  6891 | D:5      | Found a glowing silver altar of Zin.
  7211 | D:5      | Found a sacrificial altar of Ru.
  7217 | D:5      | Noticed Blork the orc
  7236 | D:5      | Killed Blork the orc
  7237 | D:5      | Reached skill level 5 in Conjurations
  7455 | D:5      | Reached skill level 10 in Spellcasting
  7971 | D:6      | Noticed Pikel
  8014 | D:6      | Killed Pikel
  8014 | D:6      | Reached * piety under Vehumet
  8014 | D:6      | Offered knowledge of Sandblast by Vehumet.
  8015 | D:6      | Reached skill level 11 in Spellcasting
  8015 | D:6      | Reached skill level 5 in Fire Magic
  8015 | D:6      | Reached XP level 9. HP: 46/48 MP: 18/26
  8046 | D:6      | Found a sand-covered staircase.
  8058 | Ossuary  | Entered an ossuary
  8411 | D:6      | Found a glowing golden altar of the Shining One.
  8437 | D:6      | Noticed Eustachio
  8440 | D:6      | Found a basalt altar of Yredelemnul.
  8486 | D:6      | Killed Eustachio
  8677 | D:6      | Noticed Maggie
  8690 | D:6      | Killed Maggie
  8762 | D:6      | Found Loprapn's Weapon Shoppe.
  9088 | D:6      | Reached skill level 12 in Spellcasting
  9407 | D:6      | Noticed an angel
  9522 | D:7      | Offered knowledge of Freeze by Vehumet.
  9531 | D:7      | Reached ** piety under Vehumet
  9833 | D:1      | Bought a potion of magic for 88 gold pieces
 10088 | D:7      | Reached XP level 10. HP: 56/56 MP: 5/28
 10260 | D:7      | Found Vumoh's Assorted Antiques.
 10301 | D:7      | Found a burning altar of Makhleb.
 10301 | D:7      | Found a broken altar of Ashenzari.
 10667 | D:7      | Bought an embroidered cloak for 187 gold pieces
 10799 | D:8      | Reached skill level 13 in Spellcasting
 11129 | D:8      | Noticed a green ugly thing
 11135 | D:8      | Noticed an eight-headed hydra
 11141 | D:8      | Killed a green ugly thing
 11173 | D:8      | Killed an eight-headed hydra
 11292 | D:8      | Offered knowledge of Dazzling Flash by Vehumet.
 11337 | D:8      | Noticed a centaur warrior
 11357 | D:8      | Killed a centaur warrior
 11358 | D:8      | Reached skill level 14 in Spellcasting
 11437 | D:8      | Noticed a white ugly thing
 11454 | D:8      | Killed a white ugly thing
 11749 | D:8      | Reached *** piety under Vehumet
 11814 | D:8      | Reached XP level 11. HP: 50/62 MP: 31/31
 11838 | D:8      | Found an iron altar of Okawaru.
 12530 | D:9      | Reached skill level 5 in Fighting
 12899 | D:9      | Noticed Grum
 12947 | D:8      | Offered knowledge of Hailstorm by Vehumet.
 13098 | D:8      | Reached skill level 15 in Spellcasting
 13513 | D:9      | Killed Grum
 13588 | D:10     | Entered Level 10 of the Dungeon
 13588 | D:10     | Noticed a death yak
 13588 | D:10     | Noticed a death yak
 13588 | D:10     | Noticed a death yak
 13588 | D:10     | Found a staircase to the Lair.
 13661 | D:10     | Noticed Urug
 13684 | D:10     | Killed Urug
 13843 | D:10     | Killed a death yak
 13851 | D:10     | Killed a death yak
 13887 | D:10     | Killed a death yak
 14146 | D:10     | Reached **** piety under Vehumet
 14245 | D:10     | Offered knowledge of Irradiate by Vehumet.
 14297 | D:10     | Got Sif Muna's Incunabulum of Evil Poisoning
 14492 | D:10     | Reached skill level 16 in Spellcasting
 14643 | D:10     | Identified the +7 hand axe of the Eternal Warrior {holy,
                  | *Rage rC- rN+ Int+8}
 15276 | D:10     | Noticed a two-headed ogre
 15294 | D:10     | Killed a two-headed ogre
 15631 | D:11     | Identified the +4 ring mail of Leubuman {rPois rC- Str-3
                  | SInv}
 15637 | D:11     | Noticed a two-headed ogre
 15764 | D:11     | Killed a two-headed ogre
 15765 | D:11     | Reached XP level 12. HP: 70/70 MP: 14/34
 15903 | D:11     | Noticed a two-headed ogre
 15920 | D:11     | Killed a two-headed ogre
 16008 | D:11     | Noticed Erica
 16031 | D:11     | Killed Erica
 16047 | D:11     | HP: 2/70 [orc priest/divine providence (15)]
 16251 | D:11     | Noticed a boulder beetle
 16490 | D:11     | Reached skill level 10 in Conjurations
 16706 | D:11     | Killed a boulder beetle
 16836 | D:12     | Noticed an eight-headed hydra
 16837 | D:12     | Reached skill level 17 in Spellcasting
 16839 | D:12     | Noticed a two-headed ogre
 16857 | D:12     | HP: 3/70 [eight-headed hydra (9)]
 16857 | D:12     | Mangled by an eight-headed hydra

Illustrated notes

Levels and vault maps discovered:
D:1:      evilmike_arrival_rings, layout_basic, serial_shops, shop, shop, shop,
          nicolae_shop_trees, minmay_indecisive_spiral
D:2:      layout_loops_ring
D:3:      layout_rooms, shapermc_ecumenical_altar_rom_forum,
          minmay_misc_feat_rows, uniq_grinder
D:4:      layout_cave_pools, fedhas_altar_fruit_tree,
          gammafunk_ghost_gnarly_gnolls, serial_shops,
          nicolae_inconvenience_store, minmay_fountain_box, uniq_natasha
D:5:      layout_basic, kennysheep_little_box,
          chequers_temple_overflow_minitemple, minmay_temple_entry_arrows,
          kennysheep_diamond, uniq_sigmund, uniq_edmund, uniq_blork_the_orc
D:6:      cheibrodos_quashed, layout_basic, grunt_temple_overflow_holy_war,
          serial_shops, nicolae_shop_trees,
          lightli_ossuary_entry_decrepit_ruins, minmay_starry_boxes, uniq_pikel,
          uniq_maggie, uniq_eustachio
D:7:      layout_loops_ring, gammafunk_temple_overflow_statue, serial_shops,
          nicolae_shop_temple_entry_statues_fountains
D:8:      layout_rooms, okawaru_trees_1, minmay_shattered_shrine
D:9:      layout_big_octagon, uniq_grum
D:10:     layout_basic, dpeg_lair_monsters, nooodl_orcs_dogs, uniq_urug
D:11:     layout_gridville, uniq_erica
D:12:     layout_loops_corners, orc_0_dummy, serial_shops,
          nicolae_shop_window_shopping, uniq_josephine
Temple:   cyrus_temple_forest

Skill      XL: |  1  2  3  4  5  6  7  8  9 10 11 12 |
---------------+-------------------------------------+-----
Spellcasting   | 5 6 7 9 11 12 14 16 17 | 17.0
Armour         | 1 3 |  3.9
Fighting       | 1 2 3 4 6 |  6.0
Conjurations   | 2 3 4 6 7 8 9 10 | 10.1
Dodging        | 3 |  3.2
Fire Magic     | 1 3 5 6 7 9 |  9.6
Stealth        | 3 |  3.3
Air Magic      | 1 |  1.4
Poison Magic   | 1 |  1.0
Evocations     | 1 |  1.0
Summonings     | |  1.1
Translocations | |  1.1

Action                   |  1- 3 |  4- 6 |  7- 9 | 10-12 || total
-------------------------+-------+-------+-------+-------++-------
Melee: Dagger            |     3 |    17 |       |       ||    20
       Hand axe          |       |       |    90 |    57 ||   147
       War axe           |       |       |    33 |   142 ||   175
 Fire: Shortbow          |       |       |    17 |     7 ||    24
 Cast: Magic Dart        |   133 |    89 |   194 |   265 ||   681
       Call Imp          |     2 |     7 |     5 |    29 ||    43
       Conjure Flame     |     1 |     3 |    27 |    90 ||   121
       Mephitic Cloud    |     1 |     4 |    25 |    63 ||    93
       Blink             |       |     1 |     2 |    20 ||    23
Evoke: Wand              |       |       |       |    11 ||    11
  Use: Scroll            |       |       |       |    15 ||    15
 Stab: Confused          |       |       |    13 |    20 ||    33
       Distracted        |       |       |     1 |       ||     1
Armor: Robe              |     5 |     5 |     2 |       ||    12
       Leather armour    |       |       |    60 |       ||    60
       Acid dragon scale |       |       |    15 |   126 ||   141
Dodge: Dodged            |    29 |    21 |   117 |   165 ||   332

Table legend: (Time is in decaauts)
 A = Elapsed time spent in this place.
 B = Non-inter-level travel time spent in this place.
 C = Inter-level travel time spent in this place.
 D = Time resting spent in this place.
 E = Time spent auto-exploring this place.
 F = Levels seen in this place.
 G = Mean time per level.
                   A        B        C        D        E       F      G
               +--------+--------+--------+--------+--------+-----+--------+
         Total |  17088 |  15924 |   1164 |   1054 |  11183 |  14 | 1220.6 |
       Dungeon |  16648 |  15517 |   1131 |   1054 |  10909 |  12 | 1387.3 |
        Temple |    104 |     71 |     33 |      0 |     25 |   1 |  104.0 |
       Ossuary |    335 |    335 |      0 |      0 |    249 |   1 |  335.0 |
               +--------+--------+--------+--------+--------+-----+--------+

Top non-repeatable levels by time:
     D:1: 1935 daAuts
     D:8: 1911 daAuts
    D:10: 1893 daAuts
     D:3: 1827 daAuts
     D:5: 1539 daAuts
     D:6: 1504 daAuts
     D:2: 1272 daAuts
     D:4: 1260 daAuts
    D:11: 1162 daAuts
     D:9: 1153 daAuts
     D:7: 1108 daAuts
 Ossuary: 335 daAuts
  Temple: 104 daAuts
    D:12: 79 daAuts
